 Dungeon Crawl Stone Soup version 0.26-a0-812-g31a745ddcd (webtiles) character file.

Game seed: 11439375377560539351

357 Lanoc the Summoner (level 6, -4/41 HPs)
             Began as a Barachi Summoner on Nov 23, 2020.
             Slain by an orc priest
             ... wielding a cursed +0 whip
              (6 damage)
             ... on level 4 of the Dungeon.
             The game lasted 00:05:48 (4226 turns).

Lanoc the Summoner (Barachi Summoner)               Turns: 4226, Time: 00:05:48

Health: -4/41      AC:  5    Str: 10    XL:     6   Next: 64%
Magic:  7/9        EV: 14    Int: 23    God:
Gold:   130        SH:  0    Dex: 12    Spells: 3/9 levels left

rFire    . . .     SeeInvis .   p - +4 quarterstaff (chaos)
rCold    . . .     Faith    .   (shield currently unavailable)
rNeg     . . .     Spirit   .   a - +0 robe
rPois    .         Reflect  .   (no helmet)
rElec    .         Harm     .   q - +2 cloak
rCorr    +         Rampage  .   (no gloves)
MR       .....                  (no boots)
Stlth    ++........             (no amulet)
HPRegen  0.13/turn              g - ring of resist corrosion
MPRegen  0.11/turn              e - +6 ring of intelligence

@: slow
A: +LOS, swims, slowness 1, strong legs 1
a: Hop


You were on level 4 of the Dungeon.
You visited 1 branch of the dungeon, and saw 4 of its levels.

You collected 130 gold pieces.

Inventory:

Hand Weapons
 p - a +4 quarterstaff of chaos (weapon)
Missiles
 l - 7 poisoned darts (quivered)
Armour
 a - a +0 robe (worn)
 q - a +2 cloak (worn)
Jewellery
 b - an uncursed ring of protection from fire
 e - a +6 ring of intelligence (right hand)
 g - a ring of resist corrosion (left hand)
Wands
 k - a wand of digging (5)
 n - a wand of polymorph (7)
Scrolls
 c - 2 scrolls of fog {unknown}
 d - 5 scrolls of identify {unknown}
 f - 2 scrolls of teleportation {unknown}
 i - 2 scrolls of enchant weapon {unknown}
 m - a scroll of magic mapping {unknown}
Potions
 h - a potion of degeneration {unknown}
 j - a potion of berserk rage {unknown}
 o - 2 potions of lignification {unknown}


   Skills:
 + Level 4.5 Dodging
 - Level 1.7 Stealth
 - Level 2.1 Spellcasting
 * Level 8.1 Summonings


You had 3 spell levels left.
You knew the following spells:

 Your Spells              Type           Power        Failure   Level
a - Summon Small Mammal   Summ           ####         1%          1
b - Call Imp              Summ           #####...     1%          2
c - Call Canine Familiar  Summ           #####...     1%          3

Your spell library contained the following spells:

 Spells                   Type           Power        Failure   Level
 Summon Guardian Golem    Hex/Summ       ###.....     7%          3
 Summon Ice Beast         Ice/Summ       ###.....     24%         4
 Summon Lightning Spire   Summ/Air       ###.....     24%         4


Dungeon Overview and Level Annotations

Branches:
Dungeon (4/15)
 Temple: D:4-7

Altars:


Innate Abilities, Weirdness & Mutations

You can be seen from farther away. (+LOS)
You can swim through water.
You cover ground slowly.
You can hop short distances.


Message History

Your wolf closely misses the orc wizard.
Casting: Call Canine Familiar (safe; 1% risk of failure)
Confirm with . or Enter, or press ? or * to list all spells.
A beastly little devil appears in a puff of frigid air.
The orc wizard mumbles some strange words.
The orc wizard blinks!
The orc priest closely misses your wolf.
The orc priest closely misses you.
The orc wizard gestures wildly while chanting.
The orc wizard blinks!
The orc priest mumbles some strange prayers to Beogh against you.
Beogh smites you!
* * * LOW HITPOINT WARNING * * *
You hear a shout!
You see here a +0 mace.
You closely miss the orc priest.
You hear a shout!
Your white imp closely misses the orc priest.
The orc priest hits you with a cursed +0 whip.
You die...

.... ##### .... ....#
.... ....# ...# .# #.o.
...# ... #..###..##
....
.####..h.....###..#
.........o5#..#..#
##.@........#
#...)[...##.
##......### ##
#......#.#..###
####.#..........# .
#.)...###..... ..#..
#..#..##...... #....
#÷.##.#.......
......####..÷..........


You could see an orc priest, an orc wizard (fast), a friendly wolf (summoned,
slow) and a friendly white imp (summoned).

Vanquished Creatures
  A phantom (D:4)
  An ogre (D:4)
  Natasha (D:3)
  2 adders (D:3)
  2 dart slugs (D:2)
  A leopard gecko (D:2)
  An orc (D:4)
  A goblin (D:1)
  A hobgoblin (D:2)
  2 jackals (D:4)
  3 frilled lizards
  2 kobolds
  A leopard gecko skeleton (D:4)
  2 rats
21 creatures vanquished.

Vanquished Creatures (collateral kills)
  An orc wizard (D:4)
  Crazy Yiuf (D:3)
  Jessica (D:2)
  Ijyb (D:3)
  Natasha (twice) (D:3)
  A worker ant (D:3)
  2 adders (D:2)
  2 oozes
  2 worms
  A dart slug (D:2)
  8 orcs
  2 giant cockroaches
  5 goblins
  A hobgoblin (D:1)
  2 jackals (D:4)
  6 kobolds
  A quokka (D:3)
  2 ball pythons (D:2)
  4 bats
  2 frilled lizards
  6 rats
53 creatures vanquished.

Vanquished Creatures (others)
  2 fungi (D:3)
2 creatures vanquished.

Grand Total: 76 creatures vanquished

Notes
Turn   | Place    | Note
-------+----------+-------------------------------------------
     0 | D:1      | Lanoc the Barachi Summoner began the quest for the Orb.
     0 | D:1      | Reached XP level 1. HP: 13/13 MP: 3/3
    67 | D:1      | Reached skill level 5 in Summonings
   510 | D:1      | Reached XP level 2. HP: 16/19 MP: 1/5
   736 | D:2      | Learned a level 2 spell: Call Imp
  1034 | D:2      | Noticed Jessica
  1040 | D:2      | Killed Jessica
  1040 | D:2      | Reached XP level 3. HP: 20/24 MP: 1/6
  1403 | D:2      | Reached skill level 6 in Summonings
  1770 | D:2      | Reached XP level 4. HP: 29/30 MP: 2/7
  1778 | D:2      | Learned a level 3 spell: Call Canine Familiar
  2126 | D:3      | Noticed Natasha
  2133 | D:3      | Killed Natasha
  2461 | D:3      | Noticed Ijyb
  2774 | D:3      | Killed Ijyb
  3034 | D:3      | Noticed Natasha
  3043 | D:3      | Killed Natasha
  3043 | D:3      | Reached XP level 5. HP: 13/35 MP: 3/8
  3397 | D:3      | Found a runed translucent door.
  3398 | D:3      | Noticed Crazy Yiuf
  3449 | D:3      | Killed Crazy Yiuf
  3628 | D:3      | Noticed Natasha
  3642 | D:3      | Killed Natasha
  3642 | D:3      | Reached skill level 7 in Summonings
  3930 | D:4      | Noticed an ogre
  3934 | D:4      | Noticed a phantom
  3936 | D:4      | Killed an ogre
  3936 | D:4      | Reached XP level 6. HP: 41/41 MP: 3/9
  4157 | D:4      | Killed a phantom
  4157 | D:4      | Reached skill level 8 in Summonings
  4225 | D:4      | HP: 2/41 [orc priest/divine providence (15)]
  4226 | D:4      | Slain by an orc priest

Illustrated notes

Levels and vault maps discovered:
D:1:      grunt_arrival_crossed_arrows, layout_basic, minmay_tromino_v4_c
D:2:      layout_rooms, lemuel_blue_sif_altar, serial_forest,
          infiniplex_forest_lined_corner, infiniplex_forest_lined_corner,
          infiniplex_forest_lined_corner, infiniplex_forest_lined_1,
          infiniplex_forest_straight_2, infiniplex_forest_lined_room_,
          infiniplex_forest_straight_2, uniq_sigmund, uniq_jessica
D:3:      layout_loops_cross, uniq_ijyb, uniq_natasha, uniq_crazy_yiuf_cottage
D:4:      layout_cave_pools, old_standard_altar, serial_shops, shop_fountains,
          grunt_tough_drop, uniq_eustachio

Skill      XL: |  1  2  3  4  5  6 |
---------------+-------------------+-----
Summonings     | 5 6 7 8 |  8.1
Dodging        | 3 4 |  4.5
Stealth        | |  1.7
Spellcasting   | |  2.1

Action                   |  1- 3 |  4- 6 || total
-------------------------+-------+-------++-------
Melee: Unarmed           |   107 |    67 ||   174
       Quarterstaff      |       |    37 ||    37
Throw: Dart              |       |     1 ||     1
 Cast: Summon Small Mamm |    17 |       ||    17
       Call Imp          |    11 |    10 ||    21
       Call Canine Famil |       |    15 ||    15
 Abil: Hop               |       |     2 ||     2
  Use: Potion            |       |     1 ||     1
 Stab: Sleeping          |     1 |     1 ||     2
       Distracted        |       |     1 ||     1
Armor: Robe              |    11 |    18 ||    29
Dodge: Dodged            |    85 |    97 ||   182

Table legend: (Time is in decaauts)
 A = Elapsed time spent in this place.
 B = Non-inter-level travel time spent in this place.
 C = Inter-level travel time spent in this place.
 D = Time resting spent in this place.
 E = Time spent auto-exploring this place.
 F = Levels seen in this place.
 G = Mean time per level.
                   A        B        C        D        E       F      G
               +--------+--------+--------+--------+--------+-----+--------+
         Total |   4461 |   4422 |     39 |    452 |   3271 |   4 | 1115.2 |
       Dungeon |   4461 |   4422 |     39 |    452 |   3271 |   4 | 1115.2 |
               +--------+--------+--------+--------+--------+-----+--------+

Top non-repeatable levels by time:
     D:3: 1951 daAuts
     D:2: 1651 daAuts
     D:1: 722 daAuts
     D:4: 136 daAuts
